 Dungeon Crawl Stone Soup version 0.28-a0-664-gc179e30c89 (webtiles) character file.

Game seed: 17163014523657099147

96 pokeman the Magician (level 4, 0/23 (25) HPs)
             Began as a Deep Elf Hedge Wizard on Oct 15, 2021.
             Killed by divine providence
             ... invoked by an orc priest
              (15 damage)
             ... on level 3 of the Dungeon.
             The game lasted 00:05:46 (2564 turns).

pokeman the Magician (Deep Elf Hedge Wizard)        Turns: 2564, Time: 00:05:46

HP:   0/23 (25)     AC:  4    Str:  7    XL:     4   Next: 41%
MP:   10/13         EV: 12    Int: 20    God:
Gold: 86            SH:  0    Dex: 14    Spells: 3/14 levels left

rFire   . . .      SeeInvis .   e - +1 whip (pain)
rCold   . . .      Faith    .   (no shield)
rNeg    . . .      Spirit   .   b - +0 robe
rPois   .          Reflect  .   i - +0 helmet
rElec   .          Harm     .   (no cloak)
rCorr   .          Rampage  .   k - +0 pair of gloves
Will    .....                   (no boots)
Stlth   ++........              g - amulet of regeneration
HPRegen 1.07/turn               (no ring)
MPRegen 0.13/turn               (no ring)

@: very slightly contaminated, drained
A: no striking features
a: no special abilities


You were on level 3 of the Dungeon.
You visited 1 branch of the dungeon, and saw 3 of its levels.

You collected 86 gold pieces.

Inventory:

Hand Weapons
 e - a +1 whip of pain (weapon)
Missiles
 d - 22 arrows
Armour
 b - a +0 robe (worn)
 i - a +0 helmet (worn)
 k - a +0 pair of gloves (worn)
Jewellery
 g - an amulet of regeneration (around neck)
Scrolls
 c - 2 scrolls of teleportation {unknown}
 f - a scroll of identify {unknown}
 h - 2 scrolls of immolation {unknown}
 j - a scroll of magic mapping {unknown}
Potions
 a - a potion of heal wounds {unknown}


   Skills:
 - Level 1.0 Fighting
 - Level 1.0 Armour
 + Level 2.8 Dodging
 - Level 2.4 Stealth
 * Level 5.6 Spellcasting
 + Level 2.2 Conjurations
 - Level 1.1 Summonings
 + Level 0.7 Necromancy
 - Level 1.1 Translocations


You had 3 spell levels left.
You knew the following spells:

 Your Spells              Type           Power      Damage    Failure   Level
a - Magic Dart            Conj           56%        1d5       4%          1
b - Mephitic Cloud        Conj/Pois/Air  8%         N/A       24%         3
c - Call Imp              Summ           10%        N/A       11%         2
d - Blink                 Tloc           N/A        N/A       11%         2
e - Conjure Flame         Conj/Fire      10%        6-21      21%         3

Your spell library contained the following spells:

 Spells                   Type           Power      Damage    Failure   Level
 Sandblast                Erth           10%        2d5       11%         1
 Passwall                 Tmut/Erth      4%         N/A       16%         2
 Slow                     Hex            5%         N/A       16%         2
 Stone Arrow              Conj/Erth      20%        3d8       21%         3


Dungeon Overview and Level Annotations

Branches:
Dungeon (3/15)

Altars:
Ru


Message History

Your white imp gestures at Terence.
The puff of frost hits Terence.
Unknown command.
You hit Terence but do no damage.
Terence is almost dead.
Terence misses you.
Your white imp hits Terence but does no damage.
You hit Terence.
You kill Terence!
Unknown command.
You swap places.
Things that are here:
a +0 mace; a +0 scale mail of poison resistance Your white imp disappears in a puff of smoke!
Done exploring.
There is an open door here.
There is a stone staircase leading down here.
You climb downwards.
The orc priest shouts!
The orc shouts!
The orc wizard shouts!
You hear an angry hiss.
The orc shouts!
There is a stone staircase leading up here.
Unknown command.
Casting: Magic Dart (safe; 4% risk of failure)
Confirm with . or Enter, or press ? or * to list all spells.
The spell is extremely dangerous to cast (24% risk of failure)!
Continue anyway?
Aiming: Mephitic Cloud (extremely dangerous; 24% risk of failure)
Press: ? - help, Shift-Dir - straight line, f - orc priest
Aim: an orc priest, wielding a +0 mace and wearing a +0 leather armour (chance to affect: 86%)
You miscast Mephitic Cloud.
You are very lightly contaminated with residual magic.
Nothing appears to happen.
The orc shouts!
The orc priest mumbles some strange prayers to Beogh against you.
You barely resist.
The orc hits you with a +2 flail of draining!
You feel drained.
The orc priest mumbles some strange prayers to Beogh against you.
Beogh smites you!
Ouch! That really hurt!
You die...

# #.
##.##.######.#.
...............
#@.....#
+.w..o...##.#
#...o.o..#
##....o.o+
#.......#
#........
######....
.....


You could see an orc priest, an orc wizard, a dart slug and 3 orcs.

Vanquished Creatures
  Terence (D:2)
  3 adders (D:2)
  A worm (D:2)
  3 bats (D:2)
  3 endoplasms
  5 giant cockroaches
  6 goblins
  3 hobgoblins (D:1)
  A quokka (D:1)
  2 ball pythons (D:1)
  2 frilled lizards
  5 kobolds
  5 rats
40 creatures vanquished.

Notes
Turn   | Place    | Note
-------+----------+-------------------------------------------
     0 | D:1      | pokeman the Deep Elf Hedge Wizard began the quest for the
                  | Orb.
     0 | D:1      | Reached XP level 1. HP: 10/10 MP: 7/7
   112 | D:1      | Found a faded altar of an unknown god.
   325 | D:1      | Reached XP level 2. HP: 16/16 MP: 4/9
   873 | D:1      | Reached skill level 5 in Spellcasting
  1238 | D:2      | Reached XP level 3. HP: 20/20 MP: 4/11
  1242 | D:2      | Learned a level 3 spell: Mephitic Cloud
  1245 | D:2      | Learned a level 2 spell: Call Imp
  1248 | D:2      | Learned a level 2 spell: Blink
  1257 | D:2      | Learned a level 3 spell: Conjure Flame
  1333 | D:2      | Noticed Terence
  1463 | D:2      | Reached skill level 1 in Fighting
  1592 | D:2      | Reached skill level 1 in Armour
  1890 | D:2      | Reached XP level 4. HP: 25/25 MP: 3/13
  2031 | D:2      | Found a sacrificial altar of Ru.
  2479 | D:2      | Killed Terence
  2564 | D:3      | Killed from afar by an orc priest

Illustrated notes

Levels and vault maps discovered:
D:1:      saegor_arrival_simple_a, layout_basic, ebering_ecumenical_altar_hall
D:2:      layout_basic, basic_altar, minivault_24, uniq_terence
D:3:      layout_basic, mainiacjoe_overflow_surrounded_room

Skill      XL: |  1  2  3 |
---------------+----------+-----
Spellcasting   | 5 |  5.6
Fighting       | 1 |  1.0
Armour         | 1 |  1.0
Conjurations   | 2 |  2.2
Dodging        | |  2.8
Stealth        | |  2.4
Summonings     | |  1.1
Necromancy     | |  0.7
Translocations | |  1.1

Action                   |  1- 3 |  4- 6 || total
-------------------------+-------+-------++-------
Melee: Whip              |     9 |     3 ||    12
 Cast: Magic Dart        |    90 |     6 ||    96
       Mephitic Cloud    |     2 |       ||     2
       Conjure Flame     |     1 |     2 ||     3
       Call Imp          |     1 |     2 ||     3
Armor: Robe              |     5 |     1 ||     6
Dodge: Dodged            |    13 |     2 ||    15

Table legend: (Time is in decaauts)
 A = Elapsed time spent in this place.
 B = Non-inter-level travel time spent in this place.
 C = Inter-level travel time spent in this place.
 D = Time resting spent in this place.
 E = Time spent auto-exploring this place.
 F = Levels seen in this place.
 G = Mean time per level.
                   A        B        C        D        E       F      G
               +--------+--------+--------+--------+--------+-----+--------+
         Total |   2564 |   2526 |     38 |     80 |   2133 |   3 |  854.7 |
       Dungeon |   2564 |   2526 |     38 |     80 |   2133 |   3 |  854.7 |
               +--------+--------+--------+--------+--------+-----+--------+

Top non-repeatable levels by time:
     D:2: 1332 daAuts
     D:1: 1230 daAuts
     D:3: 1 daAuts
